 Dungeon Crawl Stone Soup version 0.29.1-2-gbd0b4ee654 (webtiles) character file.

Game seed: 15743601005721867748

39368 zeram the Severer (level 14, -27/127 HPs)
             Began as a Hill Orc Fighter on Nov 11, 2022.
             Was an Initiate of Gozag.
             Annihilated by a white ugly thing (28 damage)
             ... on level 12 of the Dungeon.
             The game lasted 00:50:39 (20338 turns).

zeram the Severer (Hill Orc Fighter)               Turns: 20338, Time: 00:50:40

Health: -27/127    AC: 31    Str: 27    XL:     14   Next: 6%
Magic:  14/14      EV: 11    Int:  8    God:    Gozag
Gold:   1791       SH:  6    Dex: 10    Spells: 13/13 levels left

rFire   + . .      SeeInvis +   j - +7 scimitar of Kawodus {vorpal, rN+}
rCold   . . .      Faith    .   c - +0 buckler
rNeg    + . .      Spirit   .   r - +1 crystal plate armour
rPois   .          Reflect  .   b - +2 helmet {SInv}
rElec   .          Harm     .   l - +0 cloak
rCorr   .          Rampage  .   J - +1 pair of gloves {Str+3}
Will    +....                   (no boots)
Stlth   ..........              (no amulet)
HPRegen 0.31/turn               A - +4 ring of evasion
MPRegen 0.14/turn               g - ring of protection from fire

@: no status effects
A: no striking features
a: Renounce Religion, Potion Petition, Call Merchant, Bribe Branch


You were on level 12 of the Dungeon.
You worshipped Gozag.
Gozag was most pleased with you.
You visited 4 branches of the dungeon, and saw 16 of its levels.
You also visited: Bailey and Gauntlet.

You collected 4668 gold pieces.
You spent 2002 gold pieces at shops.
You paid 875 gold pieces to Gozag.

Inventory:

Hand Weapons
 a - a +0 war axe of venom
 j - the +7 scimitar of Kawodus (weapon) {vorpal, rN+}
   (You bought it in a shop on level 10 of the Dungeon)

   It inflicts extra damage upon your enemies.
   rN:        It protects you from negative energy.
 m - a +2 flail of holy wrath
 I - a +2 whip of freezing
Armour
 b - a +2 helmet of see invisible (worn)
 c - a +0 buckler (worn)
 l - a +0 cloak (worn)
 r - a +1 crystal plate armour (worn)
 J - a +1 pair of gloves of strength (worn)
Jewellery
 g - a ring of protection from fire (right hand)
 p - a +6 ring of intelligence
 q - a ring of see invisible
 A - a +4 ring of evasion (left hand)
 E - the ring "Zeunaf" {Fly MP+9 Dex+6}
   (You found it on level 8 of the Dungeon)

   [ring of dexterity]

   Dex:       It affects your dexterity (+6).
   MP:        It affects your magic capacity (+9).
   Fly:       It grants you flight.
Wands
 h - a wand of acid (3)
 n - a wand of digging (10)
 s - a wand of roots (6)
 t - a wand of polymorph (4)
 x - a wand of flame (13)
 y - a wand of charming (19)
 K - a wand of mindburst (8)
Scrolls
 d - 2 scrolls of fog
 f - a scroll of brand weapon
 i - 5 scrolls of enchant armour
 k - a scroll of enchant weapon {unknown}
 O - 2 scrolls of identify
Potions
 e - 2 potions of curing
 o - a potion of cancellation


   Skills:
 + Level 12.8 Fighting
 + Level 4.2 Long Blades
 + Level 17.4(17.5) Axes
 + Level 2.1(9.8) Maces & Flails
 + Level 13.2 Armour
 + Level 4.4 Dodging
 + Level 10.5 Shields
 + Level 0.3 Unarmed Combat
 + Level 1.1 Evocations


You had 13 spell levels left.
You didn't know any spells.
Your spell library contained the following spells:

 Spells                   Type           Power      Damage    Failure   Level
 Beastly Appendage        Tmut           0%         N/A       100%        1
 Magic Dart               Conj           0%         1d3       100%        1
 Call Imp                 Summ           0%         N/A       100%        2
 Scorch                   Fire           0%         2d5       100%        2
 Sublimation of Blood     Necr           0%         N/A       100%        2
 Wereblood                Tmut           0%         N/A       100%        2
 Mephitic Cloud           Conj/Pois/Air  0%         N/A       100%        3
 Portal Projectile        Hex/Tloc       0%         N/A       100%        3
 Spider Form              Tmut/Pois      0%         N/A       100%        3
 Tukima's Dance           Hex            0%         N/A       100%        3
 Flame Wave               Conj/Fire      0%         2d4       100%        4
 Blade Hands              Tmut           0%         N/A       100%        5
 Summon Cactus Giant      Summ           0%         N/A       100%        6
 Summon Hydra             Summ           0%         N/A       100%        7


Dungeon Overview and Level Annotations

Branches:
Dungeon (12/15)            Temple (1/1) D:5            Lair (1/5) D:9
    Orc (2/2) D:10            Elf (0/3) Orc:2        Bailey (visited)
Gauntlet (visited)

Altars:
Ashenzari
Cheibriados
Dithmenos
Elyvilon
Fedhas
Gozag
Hepliaklqana
Kikubaaqudgha
Makhleb
Nemelex Xobeh
Okawaru
Qazlal
Ru
Sif Muna
Trog
Uskayaw
Vehumet
Wu Jian
Xom
Yredelemnul
Zin
The Shining One
Beogh

Shops:
D:3 [   D:7 *   D:8 [*=[   D:9 *   D:10 (   Orc:2 :([(


Message History

The white ugly thing kicks you but does no damage.
You hit the white ugly thing.
The white ugly thing is almost dead.
The white ugly thing kicks you but does no damage.
The cyclops hits you but does no damage.
Unknown command.
You barely miss the white ugly thing.
The white ugly thing is almost dead.
You block the white ugly thing's attack.
The cyclops barely misses you.
Unknown command.
You barely miss the white ugly thing.
The white ugly thing is almost dead.
The white ugly thing kicks you! The white ugly thing freezes you!!
* * * LOW HITPOINT WARNING * * *
The cyclops hits you but does no damage.
Unknown command.
Okay, then.
Okay, then.
You feel better.
The white ugly thing kicks you but does no damage.
You slash the white ugly thing!
The white ugly thing is almost dead.
You block the white ugly thing's attack.
The cyclops misses you.
The white ugly thing closely misses you.
Unknown command.
You barely miss the white ugly thing.
The white ugly thing is almost dead.
The cyclops hits you!!
* * * LOW HITPOINT WARNING * * *
The white ugly thing kicks you but does no damage.
Unknown command.
You barely miss the white ugly thing.
The white ugly thing is almost dead.
The white ugly thing kicks you!
* * * LOW HITPOINT WARNING * * *
The white ugly thing freezes you!!
You die...
Your body crumbles into a pile of gold.

#.#### .. #....# ...#
.###.# #####...# .#
.. .....^^.. .# .#
#........ .# #<#.#
######........ .#
#.#.####...##........
.#
#.#.#......''........
.#
#.#.#......##@C......
$ .#
#.#.#......##.u......
..
#.#.#......##........
.#
#.#.#.....###........
.###.#.#.....#
#........
.......#####.#
######### .###.###
#.# .....# #.#
.###.#######(#


You could see a white ugly thing and a cyclops.

Vanquished Creatures
  Gastronok (Lair:1)
  An orc warlord (Orc:2)
  An entropy weaver (Gauntlet)
  A minotaur (Gauntlet)
  Fannar (Lair:1)
  A ghost crab (Gauntlet)
  3 hydras
  A centaur warrior (D:8)
  A boulder beetle (D:8)
  2 two-headed ogres
  An orc high priest (Orc:2)
  A wolf spider (Gauntlet)
  3 orc sorcerers (Orc:2)
  4 orc knights
  An ugly thing (D:8)
  A manticore (D:8)
  2 cyclopes (D:11)
  A centaur zombie (D:11)
  A cane toad (Lair:1)
  3 gargoyles
  A komodo dragon (Lair:1)
  7 trolls
  2 hornets (D:8)
  A raiju (shapeshifter) (D:8)
  Prince Ribbit (D:8)
  A jumping spider (Gauntlet)
  6 shadows
  2 wraiths (D:11)
  Eustachio (D:5)
  4 vampires
  5 yaks
  4 vampire mosquitoes (D:12)
  3 wargs (Orc:2)
  Menkaure (D:7)
  An acid dragon (D:8)
  3 water moccasins
  31 orc warriors
  3 ice beasts (D:6)
  A black bear (D:8)
  3 centaurs
  4 ogres
  5 wolves (Lair:1)
  2 kobold brigands
  3 necrophages
  6 bullfrogs
  3 gnoll sergeants
  2 scorpions
  8 vampire bats (Bailey)
  7 wolf zombies (Bailey)
  2 howler monkeys
  An electric eel (D:11)
  3 hounds
  A jelly (D:7)
  18 orc priests
  A gnoll bouda (D:4)
  Ijyb (D:3)
  6 iguanas
  A boggart zombie (D:11)
  Natasha (thrice) (D:2)
  34 orc wizards
  Robin (D:3)
  A howler monkey zombie (D:11)
  18 gnolls
  7 adders
  A shadow imp (D:7)
  3 ufetubi
  A worm (D:2)
  2 dart slugs
  101 orcs
  8 ball pythons
  8 endoplasms
  A giant cockroach (D:3)
  16 goblins
  8 hobgoblins
  4 jackals
  7 kobolds
  2 quokkas
  5 bats
  4 frilled lizards
  24 orc zombies (Bailey)
  3 rats
448 creatures vanquished.

Vanquished Creatures (collateral kills)
  A centaur warrior (D:8)
1 creature vanquished.

Vanquished Creatures (others)
  A vampire (D:11)
  A yak (D:11)
  14 demonic plants (Gauntlet)
  14 plants
30 creatures vanquished.

Grand Total: 479 creatures vanquished

Notes
Turn   | Place    | Note
-------+----------+-------------------------------------------
     0 | D:1      | zeram the Hill Orc Fighter began the quest for the Orb.
     0 | D:1      | Reached XP level 1. HP: 19/19 MP: 1/1
   217 | D:1      | Reached XP level 2. HP: 20/27 MP: 2/2
   617 | D:1      | Reached skill level 3 in Axes
  1007 | D:2      | Reached XP level 3. HP: 33/33 MP: 3/3
  1078 | D:2      | Noticed Natasha
  1084 | D:2      | Killed Natasha
  1139 | D:2      | Found a faded altar of an unknown god.
  1294 | D:2      | Noticed Natasha
  1309 | D:2      | Killed Natasha
  1310 | D:2      | Reached skill level 4 in Axes
  1310 | D:2      | Reached XP level 4. HP: 13/40 MP: 4/4
  1644 | D:2      | Noticed Natasha
  1668 | D:2      | Killed Natasha
  1669 | D:2      | Reached XP level 5. HP: 14/46 MP: 5/5
  2217 | D:3      | Reached skill level 5 in Axes
  2293 | D:3      | Noticed Robin
  2509 | D:3      | Killed Robin
  2750 | D:3      | Identified the +0 arbalest of Okawaru's Inspiration {flame,
                  | rElec Str-5 Dex+5 SInv}
  2777 | D:3      | Noticed Ijyb
  2893 | D:3      | Found Quteycw's Antique Armour Shoppe.
  3136 | D:3      | Killed Ijyb
  3223 | D:4      | Reached XP level 6. HP: 44/52 MP: 6/6
  3458 | D:4      | Identified the +4 scale mail "Otroessu" {rElec Will+ Int+3
                  | Stlth+}
  3581 | D:4      | Reached skill level 6 in Axes
  4353 | D:5      | Entered Level 5 of the Dungeon
  4368 | D:5      | Reached skill level 5 in Armour
  4368 | D:5      | Reached XP level 7. HP: 50/60 MP: 7/7
  4533 | D:5      | Reached skill level 1 in Dodging
  4642 | D:5      | Noticed Eustachio
  4661 | D:5      | Killed Eustachio
  4662 | D:5      | Reached skill level 5 in Fighting
  4662 | D:5      | Reached skill level 7 in Axes
  4950 | D:5      | Found a staircase to the Ecumenical Temple.
  5360 | D:5      | Reached skill level 8 in Axes
  5360 | D:5      | Reached XP level 8. HP: 32/68 MP: 8/8
  5789 | Temple   | Entered the Ecumenical Temple
  5942 | Temple   | Became a worshipper of Gozag Ym Sagoz the Greedy
  6020 | D:6      | Reached skill level 5 in Shields
  6087 | D:6      | Reached skill level 9 in Axes
  6133 | D:6      | Found a basalt altar of Yredelemnul.
  6536 | D:6      | Found an ornate altar of the Wu Jian Council.
  6557 | D:6      | Reached skill level 10 in Axes
  6865 | D:6      | Reached XP level 9. HP: 53/75 MP: 9/9
  7394 | D:7      | Found a shimmering altar of Xom.
  7421 | D:7      | Reached skill level 11 in Axes
  7608 | D:7      | Noticed Menkaure
  7620 | D:7      | Killed Menkaure
  7690 | D:7      | Found Adethat's General Store.
  7698 | D:7      | Bought a scroll of fear for 64 gold pieces
  7698 | D:7      | Bought a potion of might for 64 gold pieces
  7698 | D:7      | Bought a potion of invisibility for 128 gold pieces
  7978 | D:8      | Found a radiant altar of Vehumet.
  8172 | D:8      | Noticed a boulder beetle
  8174 | D:8      | Noticed a purple ugly thing
  8197 | D:8      | Killed a purple ugly thing
  8198 | D:8      | Reached skill level 12 in Axes
  8208 | D:8      | Killed a boulder beetle
  8209 | D:8      | Reached XP level 10. HP: 23/86 MP: 10/10
  8370 | D:8      | Reached skill level 13 in Axes
  8893 | D:8      | Found Era Feph's Jewellery Shop.
  8897 | D:8      | Found Qimua's Antique Armour Shop.
  8897 | D:8      | Found Faida's Antique Armour Shop.
  8897 | D:8      | Found Fucawy's Assorted Antiques.
  8980 | D:8      | Bought a +4 ring of evasion for 504 gold pieces
  9115 | D:8      | Noticed Prince Ribbit
  9124 | D:8      | Killed Prince Ribbit
  9278 | D:8      | Noticed a gargoyle
  9286 | D:8      | Killed a gargoyle
  9639 | D:8      | Noticed a centaur warrior
  9639 | D:8      | Noticed a centaur warrior
  9643 | D:8      | Noticed a manticore
  9649 | D:8      | Killed a centaur warrior
  9650 | D:8      | Reached skill level 14 in Axes
  9660 | D:8      | Killed a centaur warrior
  9671 | D:8      | Killed a manticore
  9977 | D:8      | Identified the +4 ring mail of Makhleb's Approval {+Inv
                  | rN+++ Int-3}
  9977 | D:8      | Identified the ring "Zeunaf" {Fly MP+9 Dex+6}
 10284 | D:9      | Reached XP level 11. HP: 95/95 MP: 11/11
 10314 | D:9      | Found a staircase to the Lair.
 10366 | D:9      | Found Veadest's General Store.
 10387 | D:9      | Bought a potion of heal wounds for 65 gold pieces
 10387 | D:9      | Bought 5 silver javelins for 156 gold pieces
 10387 | D:9      | Bought a potion of might for 52 gold pieces
 10525 | D:9      | Found a shadowy altar of Dithmenos.
 10562 | D:9      | Found a flagged portal.
 10588 | Bailey   | Entered a bailey
 11364 | Bailey   | Reached skill level 15 in Axes
 12330 | D:10     | Entered Level 10 of the Dungeon
 12361 | D:10     | Found a staircase to the Orcish Mines.
 12899 | D:10     | Found a glowing silver altar of Zin.
 13205 | D:11     | Noticed a cyclops
 13236 | Orc:1    | Entered Level 1 of the Orcish Mines
 13382 | Orc:1    | Reached skill level 10 in Armour
 13425 | Orc:1    | Reached skill level 10 in Fighting
 13611 | Orc:1    | Noticed an orc knight
 13625 | Orc:1    | Killed an orc knight
 13688 | Orc:1    | Noticed a wolf spider
 13689 | Orc:1    | Noticed a wolf spider
 13818 | Orc:2    | Entered Level 2 of the Orcish Mines
 13818 | Orc:2    | Noticed an orc knight
 13893 | D:8      | Bought a potion of flight for 72 gold pieces
 13893 | D:8      | Bought a leather armour for 48 gold pieces
 13893 | D:8      | Bought a wand of charming (5) for 288 gold pieces
 13893 | D:8      | Bought a scroll of identify for 48 gold pieces
 13893 | D:8      | Bought a potion of curing for 72 gold pieces
 13893 | D:8      | Bought a scroll of identify for 48 gold pieces
 13893 | D:8      | Bought a fizzy brown potion for 21 gold pieces
 14180 | Orc:1    | Killed an orc knight
 14310 | Orc:1    | Reached XP level 12. HP: 106/106 MP: 12/12
 14481 | Orc:2    | Found a staircase to the Elven Halls.
 14578 | Orc:2    | Noticed a two-headed ogre
 14586 | Orc:2    | Killed a two-headed ogre
 14587 | Orc:2    | Reached skill level 16 in Axes
 15018 | Orc:2    | Found a roughly hewn altar of Beogh.
 15066 | Orc:2    | Found Rier's Book Shop.
 15164 | Orc:2    | Reached XP level 13. HP: 109/114 MP: 13/13
 15358 | Orc:2    | Found a roughly hewn altar of Beogh.
 15520 | Orc:2    | Found a roughly hewn altar of Beogh.
 15521 | Orc:2    | Found Hikeecous's Weapon Shop.
 15948 | Orc:2    | Noticed an orc warlord
 16003 | Orc:2    | Killed an orc warlord
 16058 | Orc:2    | Reached skill level 17 in Axes
 16329 | Orc:2    | Found a roughly hewn altar of Beogh.
 16329 | Orc:2    | Found Moebepyu's Antique Weapon Emporium.
 16370 | Orc:2    | Found Cian's Antique Armour Shoppe.
 16430 | Orc:2    | Found a roughly hewn altar of Beogh.
 16509 | Orc:2    | Found a roughly hewn altar of Beogh.
 16632 | Lair:1   | Entered Level 1 of the Lair of Beasts
 16669 | Lair:1   | Found a gate leading to a gauntlet.
 16687 | Gauntlet | Entered a Gauntlet
 16687 | Gauntlet | Found a transporter.
 16701 | Gauntlet | Noticed a blizzard demon
 16705 | Gauntlet | Noticed a green death
 16724 | Gauntlet | Found a transporter.
 16726 | Gauntlet | Noticed an entropy weaver
 16744 | Gauntlet | Found a transporter.
 16744 | Gauntlet | Found a transporter.
 16746 | Gauntlet | Found a large runed translucent door.
 16747 | Gauntlet | Found a large runed translucent door.
 16748 | Gauntlet | Found a large runed translucent door.
 16748 | Gauntlet | Found a large runed translucent door.
 16748 | Gauntlet | Found a runed translucent door.
 16749 | Gauntlet | Found a large runed translucent door.
 16750 | Gauntlet | Found a large runed translucent door.
 16751 | Gauntlet | Found a large runed translucent door.
 16751 | Gauntlet | Found a large runed translucent door.
 16752 | Gauntlet | Found a runed translucent gate.
 16754 | Gauntlet | Found the +2 hat of the Bear Spirit {Spirit, *Rage Will++}
 16760 | Gauntlet | Found a transporter.
 16760 | Gauntlet | Found a runed translucent gate.
 16761 | Gauntlet | Found a runed translucent gate.
 16761 | Gauntlet | Found a runed translucent door.
 16763 | Gauntlet | Found a large runed translucent door.
 16763 | Gauntlet | Found a large runed translucent door.
 16764 | Gauntlet | Found a large runed translucent door.
 16765 | Gauntlet | Found a large runed translucent door.
 16774 | Gauntlet | Found a transporter.
 16787 | Gauntlet | Found a transporter.
 16794 | Gauntlet | Noticed a green death
 16807 | Gauntlet | Found a transporter.
 16811 | Gauntlet | Found a transporter.
 16822 | Gauntlet | Found a transporter.
 16846 | Gauntlet | Found a transporter.
 16846 | Gauntlet | Found a transporter.
 16863 | Gauntlet | Found a large runed translucent door.
 16864 | Gauntlet | Found a large runed translucent door.
 16866 | Gauntlet | Found a large runed translucent door.
 16867 | Gauntlet | Found a large runed translucent door.
 17027 | Gauntlet | Killed an entropy weaver
 17287 | Gauntlet | Reached skill level 10 in Shields
 17381 | Gauntlet | Noticed a minotaur
 17398 | Gauntlet | Killed a minotaur
 17645 | Lair:1   | Noticed Gastronok
 17676 | Lair:1   | Killed Gastronok
 17686 | Lair:1   | Reached skill level 1 in Evocations
 18266 | Lair:1   | Reached skill level 1 in Maces & Flails
 18301 | Lair:1   | Noticed Fannar
 18332 | Lair:1   | Killed Fannar
 18593 | D:10     | Bought an ichor-stained scimitar for 216 gold pieces
 18593 | D:10     | Identified the +7 scimitar of Kawodus {vorpal, rN+} (You
                  | bought it in a shop on level 10 of the Dungeon)
 18771 | D:11     | Reached skill level 1 in Long Blades
 19375 | D:11     | Reached XP level 14. HP: 97/127 MP: 14/14
 19424 | D:10     | Bought a glowing flail for 156 gold pieces
 20338 | D:12     | HP: 1/127 [white ugly thing (11)]
 20338 | D:12     | Annihilated by a white ugly thing

Illustrated notes

Levels and vault maps discovered:
D:1:      dpeg_arrival_renting, layout_loops_ring, grunt_decor_arrowhead,
          nicolae_figureground_sparkle
D:2:      layout_basic, hellmonk_ecumenical_altar_inner_sanctum,
          kennysheep_generic_room_9, uniq_natasha
D:3:      layout_rooms, serial_shops, nicolae_shop_hallway_stairs, uniq_robin,
          uniq_ijyb
D:4:      layout_loops_cross, minmay_surrounded
D:5:      layout_basic, minmay_temple_entry_tees,
          minmay_misc_feat_secret_circle, hangedman_decor_growths,
          serial_bayou_lake_a, uniq_eustachio
D:6:      layout_gridville, mainiacjoe_overflow_cross_hatched,
          lemuel_crystal_altar
D:7:      layout_rooms, dk_xom_monty_hall, serial_shops, shop, uniq_menkaure
D:8:      minmay_the_grid_four_pointed_star
          [minmay_the_grid_triangle_9x9_windchime,
          minmay_the_grid_triangle_9x9_alien,
          minmay_the_grid_triangle_9x9_intruding_spiral,
          minmay_the_grid_triangle_9x9_zippers_vertical,
          minmay_the_grid_prize_shrinking_boxes], layout_loops_ring,
          lemuel_doored_altar, minmay_shop_grid_forest,
          hangedman_decor_diamond_cutter, supply_closet_lemuel,
          uniq_prince_ribbit1
D:9:      minmay_goldmine, layout_loops_cross, old_standard_altar,
          enter_bailey_5, serial_shops, shop_statue
D:10:     layout_loops_ring, zin_academy, david_orc_3,
          nicolae_straight_to_the_point
D:11:     layout_rooms, serial_undead, serial_undead_e, serial_undead_b,
          serial_undead_f, serial_undead_f, minmay_misc_feat_encased,
          amcnicky_mini_rare_corridor_liquid
D:12:     layout_basic
Temple:   nicolae_temple_elliptical
Lair:1:   layout_chaotic_city, gauntlet_entry_generic,
          infiniplex_staircase_pool, uniq_gastronok, uniq_fannar
Orc:1:    nicolae_orc_accident_3, layout_diamond_mine
Orc:2:    grunt_orc_community_town_hall, layout_caves,
          grunt_orc_community_big_house_2, grunt_orc_community_big_house_1,
          grunt_orc_community_house_2, grunt_orc_community_house_1,
          grunt_orc_community_house_3, grunt_orc_community_house_3

Skill      XL: |  1  2  3  4  5  6  7  8  9 10 11 12 13 14 |
---------------+-------------------------------------------+-----
Axes           | 3 4 5 6 8 10 12 14 15 16 17 | 17.4
Fighting       | 4 5 7 8 10 12 | 12.8
Armour         | 4 5 6 8 9 11 12 13 | 13.2
Shields        | 4 5 6 8 9 10 | 10.5
Dodging        | 1 4 |  4.4
Evocations     | 1 |  1.1
Maces & Flails | 2 |  2.1
Long Blades    | 3 4 |  4.2
Unarmed Combat | |  0.3

Action                   |  1- 3 |  4- 6 |  7- 9 | 10-12 | 13-15 || total
-------------------------+-------+-------+-------+-------+-------++-------
Melee: War axe           |    62 |   221 |   228 |   596 |   277 ||  1384
       Unarmed           |       |    19 |       |       |       ||    19
       Scimitar          |       |       |       |       |   163 ||   163
       Whip              |       |       |       |       |    59 ||    59
       Flail             |       |       |       |       |     9 ||     9
Invok: Call Merchant     |       |       |       |       |     1 ||     1
Evoke: Wand              |       |       |       |     1 |     8 ||     9
  Use: Scroll            |     3 |     4 |     8 |     9 |     3 ||    27
       Potion            |       |     5 |     5 |     5 |     8 ||    23
 Stab: Invisible         |       |       |     3 |       |       ||     3
       Distracted        |       |       |       |     4 |       ||     4
Armor: Scale mail        |    21 |   118 |       |       |       ||   139
       Skin              |       |     5 |       |       |       ||     5
       Plate armour      |       |    13 |   148 |   165 |       ||   326
       Crystal plate arm |       |       |       |   123 |   384 ||   507
Dodge: Dodged            |    29 |   139 |    72 |   254 |   300 ||   794
Block: Buckler           |    19 |    63 |    62 |   141 |   181 ||   466
